 Dungeon Crawl Stone Soup version 0.27.1-4-g1640c2035a (webtiles) character file.

Game seed: 17642930731271691309

865 BinkBink the Covered (level 8, -5/48 HPs)
             Began as a Gargoyle Fighter on Nov 1, 2021.
             Slain by an ogre (29 damage)
             ... on level 4 of the Dungeon.
             The game lasted 00:11:14 (3821 turns).

BinkBink the Covered (Gargoyle Fighter)             Turns: 3821, Time: 00:11:15

Health: -5/48      AC: 13    Str: 23    XL:     8   Next: 3%
Magic:  8/8        EV:  8    Int:  8    God:
Gold:   168        SH: 10    Dex:  9    Spells: 7/7 levels left

rFire    . . .     SeeInvis .   j - +3 dagger (vamp)
rCold    . . .     Faith    .   c - +0 kite shield
rNeg     + . .     Spirit   .   b - +0 scale mail
rPois    ∞         Reflect  .   (no helmet)
rElec    +         Harm     .   (no cloak)
rCorr    .         Rampage  .   (no gloves)
Will     .....                  (no boots)
Stlth    ..........             (no amulet)
HPRegen  0.16/turn              (no ring)
MPRegen  0.11/turn              (no ring)

@: no status effects
A: sickness immunity, AC +5, negative energy resistance 1, electricity
resistance, torment resistance 1, petrification resistance
a: no special abilities


You were on level 4 of the Dungeon.
You visited 1 branch of the dungeon, and saw 4 of its levels.

You collected 168 gold pieces.

Inventory:

Hand Weapons
 a - a +0 flail
 j - a +3 vampiric dagger (weapon)
Armour
 b - a +0 scale mail (worn)
 c - a +0 kite shield (worn)
 x - a +0 tower shield
Jewellery
 y - a ring of flight
Wands
 s - a wand of flame (11)
 v - a wand of polymorph (2)
Scrolls
 e - a scroll of torment {unknown}
 f - 2 scrolls of identify {unknown}
 g - 2 scrolls of magic mapping {unknown}
 h - a scroll of vulnerability {unknown}
 l - a scroll of summoning {unknown}
 n - 3 scrolls of teleportation {unknown}
 r - 2 scrolls of enchant weapon {unknown}
Potions
 d - a potion of might
 i - a potion of degeneration {unknown}
 k - a potion of brilliance {unknown}
 m - a potion of ambrosia {unknown}
 o - 2 potions of heal wounds {unknown}
 p - a potion of mutation {unknown}
 q - a potion of attraction {unknown}
 t - 2 potions of magic {unknown}
 u - a potion of berserk rage {unknown}
 w - 2 potions of flight {unknown}


   Skills:
 + Level 4.4 Fighting
 * Level 4.8 Short Blades
 - Level 2.3 Maces & Flails
 + Level 5.5 Armour
 + Level 2.1 Dodging
 + Level 4.9 Shields


You had 7 spell levels left.
You didn't know any spells.
Your spell library contained the following spells:

 Spells                   Type           Power      Damage    Failure   Level
 Stone Arrow              Conj/Erth      0%         3d7       100%        3
 Animate Armour           Summ/Erth      0%         N/A       100%        4
 Lehudib's Crystal Spear  Conj/Erth      0%         10d2      100%        8


Dungeon Overview and Level Annotations

Branches:
Dungeon (4/15)
 Temple: D:4-7

Altars:
Trog


Innate Abilities, Weirdness & Mutations

You are immune to sickness and miasma.
Your stone body is resilient. (AC +5)
You are immune to poison.
You resist negative energy. (rN+)
You are resistant to electric shocks. (rElec)
You are resistant to unholy torment.
You are immune to petrification.


Message History

Found a stone staircase leading down.
y - a ring of flight
Found Entox's Catalogue of Retrieval.
Found a bloodstained altar of Trog.
The spellbook bursts into flames!
Trog roars with delight!
You see here a +0 ring mail.
Found 7 gold pieces.
Found 12 gold pieces.
You now have 156 gold pieces (gained 7).
You now have 168 gold pieces (gained 12).
Found 21 stones.
Found a dagger.
An ogre comes into view. It is wielding a +0 giant spiked club.
The ogre shouts!
You see here 21 stones.
An ogre is nearby!
A quokka comes into view.
Found a ring mail.
Found a stone staircase leading up.
You see here 21 stones.
You hit the quokka.
The quokka is heavily wounded.
The quokka barely misses you.
You hit the quokka.
The quokka is almost dead.
You block the quokka's attack.
You hit the quokka but do no damage.
The quokka is almost dead.
The quokka bites you.
You hit the quokka but do no damage.
The quokka is almost dead.
You block the quokka's attack. x2
You hit the quokka.
You kill the quokka!
The ogre hits you with a +0 giant spiked club!!
You hit the ogre but do no damage. You block the ogre's attack.
The ogre hits you with a +0 giant spiked club.
You see here a quokka corpse.
An endoplasm comes into view.
The ogre hits you with a +0 giant spiked club!!
Ouch! That really hurt!
You die...

.....).......##.......#.....##.##
.......##..#.##...........†..#.#
#########...............##[#.#.#
#...#..##.......###.#...#
#.#.#.####......# #.##### #.....#
#.......# #.# .. #.. #.......#
#.# ..# ..# #.O.....# #.# ## ..#
#@.....## #.## ...##.#.....# #..#
#.(#####.####.# #.## #...##.##
#r.....# ###..#..# #........#
##.##.# #......J...# #.##.#
#..........# #.##.# ............
#..#.#


You could see an ogre and an endoplasm (wandering).

Vanquished Creatures
  Pikel (D:4)
  A black bear (D:2)
  A lemure (D:4)
  2 hounds (D:4)
  2 orc priests (D:3)
  Natasha (thrice) (D:3)
  3 gnolls (D:4)
  3 adders
  A dart slug (D:1)
  8 orcs
  5 endoplasms
  4 giant cockroaches
  9 goblins
  8 hobgoblins
  6 jackals (D:1)
  5 kobolds
  4 quokkas
  5 ball pythons
  7 bats
  A frilled lizard (D:1)
  A quokka skeleton (D:4)
  5 rats
85 creatures vanquished.

Vanquished Creatures (others)
  A fungus (D:3)
  4 plants (D:3)
5 creatures vanquished.

Grand Total: 90 creatures vanquished

Notes
Turn   | Place    | Note
-------+----------+-------------------------------------------
     0 | D:1      | BinkBink the Gargoyle Fighter began the quest for the Orb.
     0 | D:1      | Reached XP level 1. HP: 14/14 MP: 1/1
    98 | D:1      | Reached XP level 2. HP: 15/19 MP: 2/2
   635 | D:1      | Reached XP level 3. HP: 23/23 MP: 3/3
  1445 | D:2      | Reached skill level 4 in Armour
  1577 | D:2      | Reached XP level 4. HP: 11/28 MP: 4/4
  1578 | D:2      | Reached skill level 1 in Short Blades
  1749 | D:3      | Reached skill level 1 in Dodging
  2072 | D:3      | Noticed a black bear
  2148 | D:2      | Killed a black bear
  2149 | D:2      | Reached XP level 5. HP: 33/33 MP: 5/5
  2248 | D:3      | Noticed Natasha
  2254 | D:3      | Killed Natasha
  2255 | D:3      | Reached XP level 6. HP: 33/38 MP: 6/6
  2336 | D:3      | Noticed Natasha
  2411 | D:3      | Killed Natasha
  2596 | D:3      | Noticed Natasha
  2701 | D:3      | Found a faded altar of an unknown god.
  3053 | D:3      | Killed Natasha
  3435 | D:4      | Noticed Pikel
  3437 | D:4      | Reached XP level 7. HP: 43/43 MP: 7/7
  3499 | D:4      | Killed Pikel
  3500 | D:4      | Reached skill level 5 in Armour
  3500 | D:4      | Reached XP level 8. HP: 18/48 MP: 8/8
  3714 | D:4      | Found a bloodstained altar of Trog.
  3821 | D:4      | Slain by an ogre

Illustrated notes

Levels and vault maps discovered:
D:1:      dpeg_arrival_rooms_b, layout_loops_ring, serial_park_tiny_1,
          chequers_avenue, chequers_serial_rivers_large_b
D:2:      layout_basic
D:3:      layout_basic, shapermc_ecumenical_altar_acropolis, uniq_natasha
D:4:      layout_rooms, trog_book, uniq_pikel

Skill      XL: |  1  2  3  4  5  6  7 |
---------------+----------------------+-----
Armour         | 4 5 |  5.5
Short Blades   | 2 3 4 |  4.8
Dodging        | 1 2 |  2.1
Shields        | 4 |  4.9
Fighting       | 4 |  4.4
Maces & Flails | |  2.3

Action                   |  1- 3 |  4- 6 |  7- 9 || total
-------------------------+-------+-------+-------++-------
Melee: Flail             |    64 |       |       ||    64
       Dagger            |    95 |   198 |    61 ||   354
Armor: Scale mail        |   106 |   118 |    15 ||   239
       Skin              |       |     2 |       ||     2
Dodge: Dodged            |    61 |    62 |     9 ||   132
Block: Kite shield       |   117 |    94 |    26 ||   237
